 Dungeon Crawl Stone Soup version 0.21.1-1-g345015fe64 (webtiles) character file.

6416 Peloso the Carver (level 10, -6/90 HPs)
             Began as a Minotaur Fighter on July 25, 2018.
             Killed from afar by an electric eel (9 damage)
             ... with a bolt of electricity
             ... on level 9 of the Dungeon.
             The game lasted 00:17:14 (7630 turns).

Peloso the Carver (Minotaur Fighter)                Turns: 7630, Time: 00:17:15

Health: -6/90      AC: 14    Str: 22    XL:     10   Next: 66%
Magic:  9/9        EV:  9    Int:  5    God:
Gold:   601        SH: 12    Dex: 12    Spells: 9/9 levels left

rFire    . . .     SeeInvis .   a - +5 scimitar (freeze)
rCold    . . .     Gourm    +   c - +0 shield
rNeg     + . .     Faith    .   b - +0 chain mail
rPois    .         Spirit   .   j - +2 hat
rElec    .         Reflect  .   (no cloak)
rCorr    .         Harm     .   v - +0 pair of gloves
MR       .....                  (no boots)
Stlth    ..........             p - amulet of the gourmand
HPRegen  0.25/turn              (no ring)
MPRegen  0.11/turn              z - ring of positive energy

@: very slow
A: retaliatory headbutt, horns 2
a: no special abilities


You were on level 9 of the Dungeon.
You were full.

You visited 1 branch of the dungeon, and saw 9 of its levels.

You collected 601 gold pieces.

Inventory:

Hand Weapons
 a - a +5 scimitar of freezing (weapon)
 e - a +2 war axe of flaming
Armour
 b - a +0 chain mail (worn)
 c - a +0 shield (worn)
 j - a +2 hat (worn)
 v - a +0 pair of gloves (worn)
Jewellery
 l - an uncursed ring of ice
 o - an uncursed amulet of faith
 p - an amulet of the gourmand (around neck)
 u - an uncursed ring of resist corrosion
 z - a ring of positive energy (right hand)
Scrolls
 h - 3 scrolls of teleportation
 x - a scroll of magic mapping
 y - a scroll of blinking {unknown}
 A - a scroll of identify
 B - 2 scrolls of enchant weapon
 I - a scroll of noise {unknown}
Potions
 d - a potion of might
 g - 6 potions of flight
 i - 5 potions of curing
 k - a potion of haste
 m - a potion of brilliance {unknown}
 q - a potion of berserk rage {unknown}
 r - a potion of heal wounds
 s - 3 potions of degeneration {unknown}
 t - a potion of agility {unknown}
 D - 2 potions of invisibility {unknown}
 E - a potion of ambrosia {unknown}
 F - a potion of magic {unknown}
Books
 n - a book of Necromancy

   Spells                             Type                      Level
   a - Pain                           Necromancy                   1
   b - Animate Skeleton               Necromancy                   1
   c - Vampiric Draining              Necromancy                   3
   d - Regeneration                   Charms/Necromancy            3
   e - Animate Dead                   Necromancy                   4
   f - Borgnjor's Vile Clutch         Necromancy/Earth             5
 w - a book of Air

   Spells                             Type                      Level
   a - Shock                          Conjuration/Air              1
   b - Swiftness                      Charms/Air                   2
   c - Static Discharge               Conjuration/Air              3
   d - Airstrike                      Air                          4
   e - Lightning Bolt                 Conjuration/Air              5
 C - a book of Callings

   Spells                             Type                      Level
   a - Summon Small Mammal            Summoning                    1
   b - Call Imp                       Summoning                    2
   c - Call Canine Familiar           Summoning                    3
   d - Summon Guardian Golem          Hexes/Summoning              3
   e - Summon Lightning Spire         Summoning/Air                4
   f - Summon Ice Beast               Ice/Summoning                4
 G - a Young Poisoner's Handbook

   Spells                             Type                      Level
   a - Sting                          Conjuration/Poison           1
   b - Poisonous Vapours              Poison/Air                   2
   c - Mephitic Cloud                 Conjuration/Poison/Air       3
   d - Olgreb's Toxic Radiance        Poison                       4
   e - Venom Bolt                     Conjuration/Poison           5
Comestibles
 f - 15 rations


   Skills:
 + Level 8.4 Fighting
 + Level 12.0 Long Blades
 + Level 9.3 Armour
 + Level 3.4 Dodging
 + Level 0.2 Stealth
 + Level 10.0 Shields


You had 9 spell levels left.
You didn't know any spells.

Dungeon Overview and Level Annotations

Branches:
Dungeon (9/15)             Temple (0/1) D:5
   Lair: D:8-11         Orc: D:9-12

Altars:
Nemelex Xobeh
Qazlal
Sif Muna
Trog
Vehumet
Wu Jian
Xom

Shops:
D:5 *   D:6 %


Innate Abilities, Weirdness & Mutations

You reflexively headbutt those who attack you in melee.
You have a pair of horns on your head.


Message History

You miss the electric eel. You barely miss the electric eel.
You barely miss the electric eel. Your headbutt misses the electric eel.
The electric eel shoots out a bolt of lightning at you!
The bolt of electricity hits you!
* * * LOW HITPOINT WARNING * * *
The bolt of electricity hits the plant. x2
You hit the electric eel. You freeze the electric eel.
The electric eel is moderately wounded.
You barely miss the electric eel.
The electric eel is moderately wounded.
The electric eel shoots out a bolt of lightning at you!
The bolt of electricity hits you!
* * * LOW HITPOINT WARNING * * *
The bolt of electricity hits the plant. x2
Your unstable footing causes you to fumble your attack.
Your unstable footing causes you to fumble your attack.
The electric eel shoots out a bolt of lightning at you!
The bolt of electricity hits you!
You die...

.......≈≈P≈≈≈♣PP..##...# #.##.
.......PP≈♣♣≈♣P≈####...######.##.
......≈≈≈≈♣♣PPP.###.............
#####.PP≈≈≈♣♣PP≈..#.............
##≈.P≈♣≈≈≈PP≈.#.............
≈PP≈≈≈♣≈.P≈P≈.........†.
≈PP≈≈≈♣≈≈≈≈≈.≈..........
###PP.PP≈P♣≈≈≈..........
###P;@≈P≈..P.###.....#
########.#.# ####### .#.# # #.##
#.#..# ...# ####.##.########
#......<.......= #.##.........###


You could see an electric eel.

Vanquished Creatures
  A two-headed ogre (D:9)
  Pikel (D:9)
  Psyche (D:9)
  2 hornets
  Prince Ribbit (D:9)
  A wyvern (D:8)
  Grum (D:8)
  A hungry ghost (D:8)
  2 soldier ants (D:9)
  A slave (D:9)
  3 sky beasts
  3 black bears
  A hornet zombie (D:8)
  2 ogres
  2 phantoms
  4 wolves
  2 centaurs (D:7)
  A crocodile (D:8)
  5 bullfrogs
  2 scorpions
  4 killer bees (D:7)
  10 wights
  4 howler monkeys
  5 crimson imps
  3 orc wizards
  2 bullfrog skeletons
  A bullfrog zombie (D:7)
  An orc priest (D:4)
  3 hounds
  2 jellies
  Jessica (D:3)
  3 iguanas
  Natasha (thrice) (D:4)
  4 worker ants
  A killer bee zombie (D:4)
  A hound zombie (D:8)
  A hound skeleton (D:5)
  7 gnolls
  13 adders
  3 shadow imps
  3 oozes (D:1)
  An adder skeleton (D:7)
  A worm (D:2)
  2 dart slugs (D:2)
  10 leopard geckos
  17 orcs
  A ball python (D:3)
  3 giant cockroaches
  6 goblins
  6 hobgoblins
  A quokka (D:5)
  6 bats
  4 frilled lizards
  2 jackal skeletons (D:5)
  5 kobolds
  A quokka skeleton (D:8)
  A quokka zombie (D:6)
  9 rats
  A plant (D:9)
189 creatures vanquished.

Vanquished Creatures (others)
  A sky beast (D:5)
  A slave (D:9)
  A howler monkey (D:5)
  An orc wizard (D:5)
  An adder (D:5)
  A quokka (D:5)
  3 plants (D:9)
  5 toadstools (D:1)
14 creatures vanquished.

Grand Total: 203 creatures vanquished

Notes
Turn   | Place    | Note
-------+----------+-------------------------------------------
     0 | D:1      | Peloso the Minotaur Fighter began the quest for the Orb.
     0 | D:1      | Reached XP level 1. HP: 19/19 MP: 0/0
    98 | D:1      | Reached XP level 2. HP: 25/27 MP: 1/1
   426 | D:1      | Reached XP level 3. HP: 6/33 MP: 2/2
   803 | D:2      | Reached skill level 3 in Long Blades
   862 | D:2      | Reached skill level 1 in Dodging
  1406 | D:2      | Reached XP level 4. HP: 40/40 MP: 3/3
  1868 | D:2      | Reached XP level 5. HP: 26/46 MP: 4/4
  2083 | D:3      | Reached skill level 5 in Shields
  2090 | D:3      | Noticed Jessica
  2103 | D:3      | Killed Jessica
  2114 | D:3      | Found a stormy altar of Qazlal.
  2204 | D:3      | Reached skill level 4 in Long Blades
  2492 | D:4      | Reached skill level 5 in Armour
  2528 | D:4      | Reached XP level 6. HP: 32/52 MP: 5/5
  2602 | D:4      | Noticed Natasha
  2610 | D:4      | Killed Natasha
  2821 | D:4      | Noticed Natasha
  2830 | D:4      | Killed Natasha
  3120 | D:4      | Noticed Natasha
  3133 | D:4      | Killed Natasha
  3344 | D:5      | Entered Level 5 of the Dungeon
  3376 | D:5      | Found Xeloilio's General Store.
  3443 | D:5      | Found a staircase to the Ecumenical Temple.
  3443 | D:5      | Noticed a sky beast
  3466 | D:5      | Reached skill level 5 in Long Blades
  3466 | D:5      | Reached XP level 7. HP: 42/60 MP: 6/6
  3513 | D:5      | Found an ornate altar of the Wu Jian Council.
  3527 | D:5      | Found a deep blue altar of Sif Muna.
  3596 | D:5      | Reached skill level 5 in Fighting
  3905 | D:5      | Found a shimmering altar of Xom.
  3983 | D:5      | Noticed a hornet
  3995 | D:5      | Paralysed by a hornet for 2 turns
  4001 | D:5      | Killed a hornet
  4001 | D:5      | Reached skill level 6 in Long Blades
  4005 | D:5      | Reached XP level 8. HP: 30/68 MP: 7/7
  4026 | D:5      | Found a sparkling altar of Nemelex Xobeh.
  4230 | D:5      | Found a radiant altar of Vehumet.
  4355 | D:6      | Reached skill level 7 in Long Blades
  4534 | D:6      | Found Bireics's Food Shoppe.
  4654 | D:6      | Reached skill level 8 in Long Blades
  5491 | D:7      | Found a bloodstained altar of Trog.
  5501 | D:7      | Reached XP level 9. HP: 48/75 MP: 8/8
  5544 | D:7      | Reached skill level 9 in Long Blades
  5667 | D:7      | You fall through a shaft for 2 floors!
  5770 | D:9      | Noticed a two-headed ogre
  5780 | D:9      | Killed a two-headed ogre
  5780 | D:9      | Reached skill level 10 in Long Blades
  5833 | D:9      | Noticed Pikel
  5843 | D:9      | Killed Pikel
  5877 | D:9      | Noticed Psyche
  5917 | D:9      | Killed Psyche
  6028 | D:8      | Reached XP level 10. HP: 52/86 MP: 9/9
  6031 | D:8      | Reached skill level 11 in Long Blades
  6571 | D:8      | Noticed Grum
  6870 | D:8      | Killed Grum
  7479 | D:9      | Noticed Prince Ribbit
  7485 | D:9      | Killed Prince Ribbit
  7529 | D:9      | Reached skill level 10 in Shields
  7541 | D:9      | Reached skill level 12 in Long Blades
  7628 | D:9      | HP: 3/90 [electric eel/bolt of electricity (8)]
  7630 | D:9      | Killed from afar by an electric eel

Skill      XL: |  1  2  3  4  5  6  7  8  9 10 |
---------------+-------------------------------+-----
Armour         | 4 5 6 7 8 9 |  9.3
Fighting       | 4 5 7 8 |  8.4
Shields        | 4 5 6 8 9 10 | 10.0
Long Blades    | 3 4 5 6 8 10 12 | 12.0
Dodging        | 1 2 3 |  3.4
Stealth        | |  0.2

Action                   |  1- 3 |  4- 6 |  7- 9 | 10-12 || total
-------------------------+-------+-------+-------+-------++-------
Melee: Long sword        |   156 |   221 |    98 |       ||   475
       Headbutt          |    19 |    23 |    61 |    31 ||   134
       Scimitar          |       |       |   151 |   177 ||   328
  Use: Scroll            |     5 |     2 |     3 |     1 ||    11
       Potion            |       |     1 |     2 |       ||     3
  Eat: Chunk             |     1 |     8 |    17 |     4 ||    30
Armor: Scale mail        |    27 |       |       |       ||    27
       Chain mail        |   115 |   105 |   131 |    55 ||   406
Dodge: Dodged            |    45 |    46 |    64 |    49 ||   204
Block: Shield            |   115 |   123 |   135 |    95 ||   468
       Rpst.: Long sword |     8 |    12 |     8 |       ||    28
       Scimitar          |       |       |    11 |    17 ||    28
